 Dungeon Crawl Stone Soup version 0.28-a0-1555-g9ae15a6949 (webtiles) character file.

Game seed: 2948287869564427289

98 issech the Ducker (level 4, -3/44 HPs)
             Began as a Troll Fighter on Jan 18, 2022.
             Slain by Menkaure (9 damage)
             ... on level 4 of the Dungeon.
             The game lasted 00:10:09 (2312 turns).

issech the Ducker (Troll Fighter)                   Turns: 2312, Time: 00:10:09

Health: -3/44      AC:  4    Str: 26    XL:     4   Next: 44%
Magic:  3/3        EV:  9    Int:  4    God:
Gold:   171        SH:  7    Dex:  9    Spells: 3/3 levels left

rFire   . . .      SeeInvis .   a - +1 flail
rCold   . . .      Faith    .   c - +0 kite shield
rNeg    . . .      Spirit   .   b - +0 robe
rPois   +          Reflect  .   (helmet restricted)
rElec   .          Harm     .   (no cloak)
rCorr   .          Rampage  .   (gloves unavailable)
Will    .....                   (boots unavailable)
Stlth   +.........              (no amulet)
HPRegen 0.94/turn               v - ring of poison resistance
MPRegen 0.08/turn               (no ring)

@: mighty
A: large, unfitting armour, claws 3, regeneration 1, shaggy fur 1, tough skin 1
a: no special abilities


You were on level 4 of the Dungeon.
You visited 1 branch of the dungeon, and saw 4 of its levels.

You collected 171 gold pieces.

Inventory:

Hand Weapons
 a - a +1 flail (weapon)
 e - a +0 short sword
 f - a +0 dagger
 g - a +0 club
 m - a +0 club
 n - a +0 dagger
 p - a +0 dagger
 t - a +0 longbow
 x - a +0 club
 y - a +0 mace
 A - a +0 dagger
 D - a +0 dagger
Missiles
 r - 19 bolts
 B - 37 stones (quivered)
 C - 19 arrows
Armour
 b - a +0 robe (worn)
 c - a +0 kite shield (worn)
 h - a +0 robe
 q - a +0 scale mail
Magical Staves
 o - a staff of death
Jewellery
 v - a ring of poison resistance (left claw)
Scrolls
 i - a scroll of vulnerability {unknown}
 s - a scroll of fear
Potions
 j - a potion of degeneration {unknown}
 k - 5 potions of curing {unknown}
 l - a potion of magic {unknown}
 w - 2 potions of brilliance


   Skills:
 + Level 2.8 Fighting
 + Level 2.7 Maces & Flails
 + Level 3.1 Dodging
 + Level 0.1 Stealth
 + Level 3.0 Shields


You had 3 spell levels left.
You didn't know any spells.
Your spell library was empty.

Dungeon Overview and Level Annotations

Branches:
Dungeon (4/15)
 Temple: D:4-7

Altars:
Fedhas

Annotations:
D:4 Menkaure


Innate Abilities, Weirdness & Mutations

You are too large for most types of armour.
You have claws for hands.
Your natural rate of healing is unusually fast.
You are covered in fur. (AC +1)
You have tough skin. (AC +1)


Message History

The jackal closely misses you.
You hit the jackal but do no damage. You hit the jackal but do no damage.
You block the jackal's attack. The jackal closely misses you.
The jackal bites you but does no damage.
You barely miss the jackal. The jackal bites you.
You closely miss the jackal. You block the jackal's attack.
The jackal bites you but does no damage.
You miss the jackal. The jackal closely misses you.
You block the jackal's attack.
You barely miss the jackal.
The jackal bites you but does no damage.
The jackal closely misses you.
You sock the jackal!
You kill the jackal!
The jackal closely misses you.
You closely miss the jackal. You block the jackal's attack.
The jackal bites you but does no damage.
You hit the jackal.
You kill the jackal!
You hit the jackal.
You kill the jackal!
Things that are here:
a jackal corpse; a jackal corpse; a jackal corpse As you open the door, it creaks loudly!
There is an open door here.
You now have 171 gold pieces (gained 4).
k - 5 grey potions (gained 1) Menkaure, Prince of Dust comes into view.
Menkaure casts a spell.
Menkaure seems to speed up.
You feel very mighty all of a sudden.
Menkaure calls on the powers of darkness!
Your body is wracked with pain!
Menkaure hits you!!
* * * LOW HITPOINT WARNING * * *
You sock Menkaure!
Menkaure is moderately damaged.
Menkaure barely misses you. Menkaure hits you!
You die...

##.....## ##.# #.
##...#### .. ...
#. #......# .#
#.#. ##. #..###.#
.# #.. #.. #..#
#.# .# ##. #..
###..###.# .# #..
#........# .####..
#..
#........##.......
#.#
#.#.......@M.....#
#.#
#.#..##..#########
#.. ..#......# ###
## ########


You could see Menkaure (fast).

Vanquished Creatures
  4 adders
  A dart slug (D:2)
  2 ball pythons
  An endoplasm (D:2)
  3 giant cockroaches
  8 goblins
  2 hobgoblins
  11 jackals
  3 kobolds
  5 quokkas
  A bat (D:3)
  5 frilled lizards
  11 rats
57 creatures vanquished.

Notes
Turn   | Place    | Note
-------+----------+-------------------------------------------
     0 | D:1      | issech the Troll Fighter began the quest for the Orb.
     0 | D:1      | Reached XP level 1. HP: 22/22 MP: 0/0
   189 | D:1      | Reached XP level 2. HP: 29/29 MP: 1/1
   794 | D:1      | Reached XP level 3. HP: 15/36 MP: 2/2
   910 | D:2      | Found a faded altar of an unknown god.
   952 | D:2      | Found a blossoming altar of Fedhas.
  1575 | D:3      | Reached XP level 4. HP: 44/44 MP: 3/3
  2305 | D:4      | Noticed Menkaure
  2312 | D:4      | Slain by Menkaure

Illustrated notes

Levels and vault maps discovered:
D:1:      moated_graveyard_arrival, layout_loops_ring, chequers_decorated_corner
D:2:      layout_rooms, hellmonk_ecumenical_altar_lost_god, basic_altar,
          minmay_rat_gold_closets
D:3:      layout_rooms
D:4:      layout_loops_corners, uniq_menkaure

Skill      XL: |  1  2  3  4 |
---------------+-------------+-----
Maces & Flails | 2 |  2.7
Dodging        | 3 |  3.1
Shields        | 3 |  3.0
Fighting       | |  2.8
Stealth        | |  0.1

Action                   |  1- 3 |  4- 6 || total
-------------------------+-------+-------++-------
Melee: Flail             |   151 |    45 ||   196
  Use: Scroll            |       |     7 ||     7
       Potion            |       |     1 ||     1
 Stab: Sleeping          |     1 |       ||     1
Armor: Robe              |    62 |    33 ||    95
Dodge: Dodged            |    69 |    32 ||   101
Block: Kite shield       |    84 |    28 ||   112

Table legend: (Time is in decaauts)
 A = Elapsed time spent in this place.
 B = Non-inter-level travel time spent in this place.
 C = Inter-level travel time spent in this place.
 D = Time resting spent in this place.
 E = Time spent auto-exploring this place.
 F = Levels seen in this place.
 G = Mean time per level.
                   A        B        C        D        E       F      G
               +--------+--------+--------+--------+--------+-----+--------+
         Total |   2394 |   2385 |      9 |      0 |    938 |   4 |  598.5 |
       Dungeon |   2394 |   2385 |      9 |      0 |    938 |   4 |  598.5 |
               +--------+--------+--------+--------+--------+-----+--------+

Top non-repeatable levels by time:
     D:1: 792 daAuts
     D:3: 605 daAuts
     D:2: 546 daAuts
     D:4: 450 daAuts
